 Dungeon Sprint DCSS version 0.27-a0-1456-gf5a116941d (webtiles) character file.

Game seed: 12078019317650525601

1791 mhtbhm the Severer (level 8, -8/88 HPs)
             Began as a Minotaur Berserker on July 5, 2021.
             Was a High Priest of Trog.
             Mangled by a freezing wraith (23 damage)
             ... while paralysed by a floating eye
             ... in the Dungeon (Sprint VII: "The Pits").
             The game lasted 00:01:37 (767 turns).

mhtbhm the Severer (Minotaur Berserker)              Turns: 767, Time: 00:01:37

Health: -8/88      AC: 14    Str: 30    XL:     8   Next: 82%
Magic:  7/7        EV:  2    Int:  4    God:    Trog [*****.]
Gold:   0          SH:  0    Dex: 10    Spells: 7/7 levels left

rFire    . . .     SeeInvis .   a - +1 broad axe (freeze)
rCold    . . .     Faith    .   (no shield)
rNeg     . . .     Spirit   .   b - +4 chain mail
rPois    .         Reflect  .   (helmet restricted)
rElec    .         Harm     .   (no cloak)
rCorr    .         Rampage  .   (no gloves)
Will     .....     NoTele   +   (no boots)
Stlth    ..........             (no amulet)
HPRegen  0.24/turn              l - +3 ring of strength
MPRegen  0.10/turn              m - +3 ring of strength

@: paralysed, slowed
A: horns 2, retaliatory headbutt
a: Renounce Religion, Berserk, Trog's Hand, Brothers in Arms


You were in the Dungeon.
You worshipped Trog.
Trog was extremely pleased with you.
You visited 1 branch

Inventory:

Hand Weapons
 a - a +1 broad axe of freezing (weapon)
Armour
 b - a +4 chain mail (worn)
Jewellery
 l - a +3 ring of strength (left hand)
 m - a +3 ring of strength (right hand)
Scrolls
 h - a scroll of blinking
 j - a scroll of summoning
Potions
 c - 9 potions of curing
 d - 12 potions of heal wounds
 e - 2 potions of haste
 f - 4 potions of magic
 g - 3 potions of berserk rage
 i - 2 potions of invisibility
 k - 2 potions of brilliance


   Skills:
 + Level 13.9 Fighting
 + Level 15.3 Axes
 + Level 7.8 Armour
 + Level 7.0 Dodging
 + Level 1.7 Stealth


You had 7 spell levels left.
You didn't know any spells.
Your spell library was empty.

Dungeon Overview and Level Annotations

Branches:
Dungeon (1/1)

Altars:
Cheibriados
Dithmenos
Elyvilon
Fedhas
Gozag
Hepliaklqana
Makhleb
Nemelex Xobeh
Okawaru
Qazlal
Ru
Sif Muna
Trog
Wu Jian
Xom
Yredelemnul
Zin
The Shining One
Jiyva


Innate Abilities, Weirdness & Mutations

You have a pair of horns on your head.
You reflexively headbutt those who attack you in melee.


Message History

a +0 long sword; a +0 plate armour; an orc skeleton
Things that are here:
a +0 short sword; a +0 leather armour; an orc skeleton
There is an open door here.
There is an open door here.
Found fourteen altars.
There is an open door to the Temple (Safe) here.
Welcome back, mhtbhm the Minotaur Berserker.
Trog says: Kill them all!
Press ? for a list of commands and other information.
You see here a +0 club.
There is an open door to the Storerooms (Easy) here.
You open the huge gate.
There is a huge open gate leading to the Armoury (Hard) here.
A freezing wraith comes into view.
There is a huge open gate here.
A floating eye comes into view.
The floating eye turns its gaze towards you.
The floating eye's stare focuses on you.
The floating eye pulsates ominously.
You hit the freezing wraith.
The freezing wraith is lightly damaged.
The floating eye gazes piercingly through you!
You suddenly lose the ability to move!
The freezing wraith hits you. The freezing wraith freezes you!!
The freezing wraith hits you. The floating eye's view fixates on you.
The freezing wraith hits you! The freezing wraith freezes you!
The freezing wraith hits you. The freezing wraith drains your vigour!
You feel yourself slow down.
The floating eye gazes piercingly through you!
You shrug off the repeated paralysis!
The freezing wraith hits you. The freezing wraith freezes you!
* * * LOW HITPOINT WARNING * * *
The freezing wraith barely misses you.
The floating eye's stare focuses on you.
The freezing wraith hits you but does no damage. x2
The freezing wraith hits you!
* * * LOW HITPOINT WARNING * * *
The freezing wraith freezes you!!
You die...

######++##########
.............##..#
...#..#......##..#
.............''..#
.............''..#######
...#..#......##.@W......
.............##..G......
'#####++################
....# ....# ....# <...#
....# ....#


You could see a freezing wraith and a floating eye (charged).

Vanquished Creatures
  A two-headed ogre (D)
  A manticore (D)
  Sigmund (D)
  2 floating eyes (D)
  An orc warrior (D)
  A phantom (D)
  A wight (D)
  2 hounds (D)
  An iron imp (D)
  Terence (D)
  An orc wizard (D)
  An ufetubus (D)
  3 orcs (D)
  2 quokkas (D)
  A ball python (D)
  A frilled lizard (D)
  A giant cockroach zombie (D)
  2 goblins (D)
  2 rats (D)
26 creatures vanquished.

Notes
Turn   | Place    | Note
-------+----------+-------------------------------------------
     0 | D        | mhtbhm the Minotaur Berserker began the quest for the Orb.
     0 | D        | Reached XP level 1. HP: 19/19 MP: 0/0
    54 | D        | Noticed a floating eye
    56 | D        | Paralysed by a floating eye for 2 turns
    58 | D        | Killed a floating eye
    59 | D        | Reached skill level 7 in Axes
    59 | D        | Reached XP level 2. HP: 34/34 MP: 1/1
    59 | D        | Reached XP level 3. HP: 39/39 MP: 2/2
    59 | D        | Reached XP level 4. HP: 47/47 MP: 3/3
    62 | D        | Reached ** piety under Trog
   195 | D        | Noticed a phantom
   198 | D        | Reached *** piety under Trog
   199 | D        | Reached skill level 8 in Axes
   202 | D        | Killed a phantom
   203 | D        | Reached skill level 9 in Axes
   203 | D        | Reached XP level 5. HP: 57/57 MP: 4/4
   323 | D        | Found a bloodstained altar of Trog.
   323 | D        | Found a shimmering blue altar of Sif Muna.
   323 | D        | Found a viscous altar of Jiyva.
   323 | D        | Found a hazy altar of Hepliaklqana.
   323 | D        | Found an opulent altar of Gozag.
   346 | D        | Noticed Sigmund
   346 | D        | Noticed an orc warrior
   351 | D        | Killed an orc warrior
   352 | D        | Reached skill level 10 in Fighting
   352 | D        | Reached skill level 10 in Axes
   352 | D        | Reached skill level 5 in Armour
   352 | D        | Reached skill level 5 in Dodging
   352 | D        | Reached XP level 6. HP: 66/66 MP: 5/5
   356 | D        | Reached **** piety under Trog
   357 | D        | Killed Sigmund
   358 | D        | Reached skill level 11 in Axes
   362 | D        | Reached ***** piety under Trog
   368 | D        | Reached XP level 7. HP: 70/74 MP: 6/6
   372 | D        | Reached skill level 12 in Axes
   420 | D        | Received a gift from Trog
   493 | D        | Noticed Terence
   498 | D        | Killed Terence
   500 | D        | Paralysed by a floating eye for 3 turns
   611 | D        | Noticed a two-headed ogre
   611 | D        | Noticed a manticore
   621 | D        | Killed a two-headed ogre
   622 | D        | Reached skill level 14 in Axes
   622 | D        | Reached skill level 1 in Stealth
   622 | D        | Reached XP level 8. HP: 86/86 MP: 7/7
   624 | D        | Killed a manticore
   625 | D        | Reached skill level 15 in Axes
   727 | D        | Found a glowing golden altar of the Shining One.
   727 | D        | Found a glowing silver altar of Zin.
   727 | D        | Found a basalt altar of Yredelemnul.
   727 | D        | Found a shimmering altar of Xom.
   727 | D        | Found an ornate altar of the Wu Jian Council.
   727 | D        | Found a sacrificial altar of Ru.
   727 | D        | Found a stormy altar of Qazlal.
   727 | D        | Found an iron altar of Okawaru.
   727 | D        | Found a sparkling altar of Nemelex Xobeh.
   727 | D        | Found a burning altar of Makhleb.
   727 | D        | Found a blossoming altar of Fedhas.
   727 | D        | Found a white marble altar of Elyvilon.
   727 | D        | Found a shadowy altar of Dithmenos.
   727 | D        | Found a snail-covered altar of Cheibriados.
   759 | D        | Noticed a freezing wraith
   763 | D        | Paralysed by a floating eye for 4 turns
   767 | D        | Mangled by a freezing wraith

Illustrated notes

Levels and vault maps discovered:
D:        pitsprint [storerooms_1, entrance_room_1, metal_vault_4, armoury_3,
          mini_pit_1, grid_room_1, main_hall_1, silver_pit, the_coven_3,
          the_vestibule_1, steel_vault_3, golden_pit, hallway_of_sentries,
          crystal_vault_3, iron_vault_2, final_vault]

Skill      XL: |  1  2  3  4  5  6  7  8 |
---------------+-------------------------+-----
Fighting       | 7 9 10 11 13 | 13.9
Axes           | 7 9 10 11 14 15 | 15.3
Armour         | 4 5 7 |  7.8
Dodging        | 3 4 5 6 7 |  7.0
Stealth        | 1 |  1.7

Action                   |  1- 3 |  4- 6 |  7- 9 || total
-------------------------+-------+-------+-------++-------
Melee: Hand axe          |     4 |    24 |    25 ||    53
       Headbutt          |     1 |     1 |     8 ||    10
       Broad axe         |       |       |     1 ||     1
Invok: Berserk           |       |     2 |     1 ||     3
Armor: Scale mail        |       |     5 |     2 ||     7
       Chain mail        |       |       |     2 ||     2
Dodge: Dodged            |     1 |     8 |     6 ||    15

Table legend: (Time is in decaauts)
 A = Elapsed time spent in this place.
 B = Non-inter-level travel time spent in this place.
 C = Inter-level travel time spent in this place.
 D = Time resting spent in this place.
 E = Time spent auto-exploring this place.
 F = Levels seen in this place.
 G = Mean time per level.
                   A        B        C        D        E       F      G
               +--------+--------+--------+--------+--------+-----+--------+
         Total |    777 |    777 |      0 |    380 |     66 |   1 |  777.0 |
       Dungeon |    777 |    777 |      0 |    380 |     66 |   1 |  777.0 |
               +--------+--------+--------+--------+--------+-----+--------+

Top non-repeatable levels by time:
       D: 777 daAuts
